 Dungeon Crawl Stone Soup version 0.31.0-32-g396128a36d (webtiles) character file.

Game seed: 167454306386162077

401878 Henri the Metallomancer (level 23, -4/175 HPs)
             Began as a Gargoyle Earth Elementalist on Apr 12, 2024.
             Was a High Priest of Ashenzari.
             Slain by a spriggan defender
             ... wielding a +4 quick blade of distortion
              (16 damage)
             ... on level 2 of the Depths on Apr 15, 2024.
             The game lasted 05:42:45 (112662 turns).

Henri the Metallomancer (GrEE)                    Turns: 112662, Time: 05:42:46

Health: -4/175     AC: 40    Str: 15    XL:     23   Next: 32%
Magic:  27/47      EV: 14    Int: 30    God:    Ashenzari [*****.]
Gold:   4485       SH: 15    Dex: 10    Spells: 21/62 levels left

rFire   + + .        a - staff of the Chained Jealousy (curse) {rC+ Ice, Self, Comp} (curse)
rCold   + + +        q - +2 buckler of the Omniscient Ennui {Dev, Elem} (curse)
rNeg    + . .        w - +1 leather armour of the Bound Harvest Moon {rC+ rF+, Elem, Self} (curse)
rPois   ∞            L - +2 helmet of Ashenzari's Pantheism {Bglg, Self} (curse)
rElec   +            f - +2 cloak "Asceticism of Ashenzari" {Bglg, Elem} (curse)
rCorr   .            C - +0 pair of gloves of Ashenzari's Limitation {Melee, Dev} (curse)
SInv    +            E - +3 pair of mountain boots {steadfast, rC+, Fort, Cun} (curse)
Will    .....        g - amulet of the Tethered Sky {Reflect SH+5, Fort, Dev} (curse)
Stlth   +++          p - ring of protection from fire
HPRegen 0.49/turn    n - +6 ring of intelligence
MPRegen 0.30/turn

%: reflection, clarity
@: weak-willed, flying
A: sickness immunity, AC +17, big wings, negative energy resistance 1,
electricity resistance, torment resistance 1, petrification resistance,
iridescent scales 1, subdued magic 1, persistent drain
}: 2/15 runes: decaying, gossamer
a: Renounce Religion, Curse Item, Shatter the Chains


You were on level 2 of the Depths.
You worshipped Ashenzari.
Ashenzari was extremely pleased with you.
You visited 11 branches of the dungeon, and saw 42 of its levels.
You visited the Abyss 1 time.
You also visited: Ice Cave and Volcano.

You collected 5520 gold pieces.
You spent 1035 gold pieces at shops.

Inventory:

Missiles
 t - a throwing net
Armour
 f - the cursed +2 cloak "Asceticism of Ashenzari" (worn) {Bglg, Elem}
   (You found it on level 1 of the Dungeon)

   It has a curse which improves the following skills: Beguiling: Hexes and
   Translocations.
   Elements:  Fire Magic, Ice Magic, Air Magic and Earth Magic.
 q - the cursed +2 buckler of the Omniscient Ennui (worn) {Dev, Elem}
   (You took it off a spriggan on level 1 of the Swamp)

   It has a curse which improves the following skills: Devices: Evocations and
   Shapeshifting.
   Elements:  Fire Magic, Ice Magic, Air Magic and Earth Magic.
 w - the cursed +1 leather armour of the Bound Harvest Moon (worn) {rC+ rF+, Elem, Self}
   (You found it in an ice cave)

   It has a curse which improves the following skills: Elements: Fire Magic, Ice
   Magic, Air Magic and Earth Magic.
   Introspection: Fighting and Spellcasting.
 C - the cursed +0 pair of gloves of Ashenzari's Limitation (worn) {Melee, Dev}
   (You found it on level 9 of the Dungeon)

   It has a curse which improves the following skills: Melee Combat: Short
   Blades, Long Blades, Axes, Maces & Flails, Polearms, Staves and Unarmed
   Combat.
   Devices:   Evocations and Shapeshifting.
 E - the cursed +3 pair of mountain boots (worn) {steadfast, rC+, Fort, Cun}
   (You bought it in a shop on level 1 of the Vaults)

   Steadfast: It prevents involuntary movement, except for blinking,
   teleportation, or banishment.
   rC+:       It protects you from cold.
   It has a curse which improves the following skills: Fortitude: Armour and
   Shields.
   Cunning:   Dodging and Stealth.
 L - the cursed +2 helmet of Ashenzari's Pantheism (worn) {Bglg, Self}
   (You found it on level 11 of the Dungeon)

   It has a curse which improves the following skills: Beguiling: Hexes and
   Translocations.
   Introspection: Fighting and Spellcasting.
 P - +0 ice dragon scales
Magical Staves
 a - the cursed staff of the Chained Jealousy (weapon) {rC+ Ice, Self, Comp}
   (You found it in an ice cave)

   [staff of cold]

   Base accuracy: +5 Base damage: 5 Base attack delay: 1.2 This weapon's minimum
   attack delay (0.6) is reached at skill level 12.
   rC+:       It protects you from cold.
   Ice:       It increases the power of your Ice spells.
   It falls into the 'Staves' category.
   It is a one-handed weapon.
   It has a curse which improves the following skills: Introspection: Fighting
   and Spellcasting.
   Companions: Summonings and Necromancy.
Jewellery
 b - a +6 ring of dexterity
 g - the cursed amulet of the Tethered Sky (around neck) {Reflect SH+5, Fort, Dev}
   (You found it on level 6 of the Dungeon)

   [amulet of reflection]

   Reflect:   It reflects blocked missile attacks.
   SH+5:      It affects your SH (+5).
   It has a curse which improves the following skills: Fortitude: Armour and
   Shields.
   Devices:   Evocations and Shapeshifting.
 l - a ring of protection from fire
 n - a +6 ring of intelligence (right hand)
 p - a ring of protection from fire (left hand)
 s - a ring of protection from cold
 z - a ring of positive energy
 G - a ring of protection from cold
 M - a ring of resist corrosion
Wands
 x - a wand of flame (35)
 F - a wand of iceblast (14) (quivered)
 H - a wand of polymorph (18)
 I - a wand of mindburst (24)
 J - a wand of charming (22)
 O - a wand of quicksilver (18)
Scrolls
 e - 4 scrolls of revelation
 i - 10 scrolls of teleportation
 u - 2 scrolls of butterflies
 y - 4 scrolls of poison
 A - 5 scrolls of fog
 B - 5 scrolls of blinking
 K - a scroll of acquirement
 U - 2 scrolls of fear
Potions
 c - 5 potions of resistance
 d - 9 potions of curing
 h - 4 potions of cancellation
 j - 6 potions of berserk rage
 k - 6 potions of ambrosia
 m - 5 potions of might
 o - 3 potions of invisibility
 v - 4 potions of haste
 D - 2 potions of heal wounds
 N - 4 potions of brilliance
 R - 2 potions of magic
Miscellaneous
 r - a phial of floods


   Skills:
 - Level 23.7(27) Fighting
 - Level 3.3(5.2) Staves
 + Level 16.0(19.1) Armour
 + Level 7.0(9.2) Dodging
 - Level 5.0(7.0) Stealth
 + Level 14.5(17.6) Shields
 + Level 16.2(20.2) Spellcasting
 + Level 8.0 Conjurations
 - Level 24.8(27) Earth Magic


You had 21 spell levels left.
You knew the following spells:

 Your Spells              Type           Power      Damage    Failure   Level
a - Sandblast             Erth           100%       2d20      0%          1
b - Stone Arrow           Conj/Erth      100%       3d13      0%          3
c - Passwall              Erth           99%        N/A       0%          3
d - Brom's Barrelling Bo  Conj/Erth      81%        2d9       0%          4
e - Petrify               Alch/Erth      72%        N/A       1%          4
f - Lee's Rapid Deconstr  Erth           49%        3d23*     0%          5
g - Animate Armour        Summ/Erth      100%       N/A       1%          4
h - Bombard               Conj/Erth      40%        9d7       1%          6
i - Shatter               Erth           49%        3d38*     1%          9
z - Blink                 Tloc           50%        N/A       1%          2

Your spell library contained the following spells:

 Spells                   Type           Power      Damage    Failure   Level
 Apportation              Tloc           50%        N/A       1%          1
 Kiss of Death            Conj/Necr      100%       2d13      1%          1
 Magic Dart               Conj           100%       1d8       1%          1
 Necrotise                Necr           96%        1d8       1%          1
 Sting                    Conj/Alch      100%       1d9       1%          1
 Summon Small Mammal      Summ           96%        N/A       1%          1
 Call Imp                 Summ           48%        N/A       1%          2
 Ensorcelled Hibernation  Hex/Ice        76%        N/A       1%          2
 Flame Wave               Conj/Fire      43%        2d11      1%          4
 Leda's Liquefaction      Alch/Erth      36%        N/A       1%          4
 Iskenderun's Battlesphe  Conj           57%        2d11      1%          5
 Frozen Ramparts          Ice            78%        1d12      2%          3
 Inner Flame              Hex/Fire       25%        N/A       2%          3
 Volatile Blastmotes      Fire/Tloc      50%        2d14      2%          3
 Call Canine Familiar     Summ           24%        N/A       3%          3
 Confusing Touch          Hex            25%        N/A       3%          3
 Fugue of the Fallen      Necr           24%        N/A       3%          3
 Sigil of Binding         Hex            25%        N/A       3%          3
 Arcjolt                  Conj/Air       21%        1d31      6%          5
 Fireball                 Conj/Fire      21%        3d10      6%          5
 Irradiate                Conj/Alch      21%        3d18      7%          5
 Dimensional Bullseye     Hex/Tloc       12%        N/A       11%         4
 Manifold Assault         Tloc           25%        N/A       11%         4
 Summon Blazeheart Golem  Fire/Summ      25%        N/A       11%         4
 Summon Lightning Spire   Summ/Air       25%        N/A       11%         4
 Anguish                  Hex/Necr       12%        N/A       12%         4
 Animate Dead             Necr           24%        N/A       12%         4
 Dispel Undead            Necr           24%        3d12      12%         4
 Ignite Poison            Fire/Alch      24%        N/A       12%         4
 Martyr's Knell           Necr/Summ      24%        N/A       12%         4
 Sticky Flame             Fire/Alch      24%        2d6       12%         4
 Olgreb's Toxic Radiance  Alch           23%        N/A       13%         4
 Metabolic Englaciation   Hex/Ice        19%        N/A       30%         5
 Summon Mana Viper        Hex/Summ       24%        N/A       32%         5
 Yara's Violent Unravell  Hex/Alch       12%        3d7       32%         5
 Conjure Ball Lightning   Conj/Air       21%        3x3d6     34%         6
 Orb of Destruction       Conj           28%        9d9       38%         7
 Dispersal                Tloc           12%        N/A       88%         6
 Sculpt Simulacrum        Ice/Alch       18%        N/A       89%         6
 Summon Cactus Giant      Summ           12%        N/A       89%         6
 Haunt                    Necr/Summ      12%        N/A       100%        7
 Ozocubu's Refrigeration  Ice            19%        4d11      100%        7
 Discord                  Hex            12%        N/A       100%        8
 Disjunction              Tloc           12%        N/A       100%        8
 Ignition                 Fire           13%        3d6       100%        8
 Infestation              Necr           12%        N/A       100%        8
 Dragon's Call            Summ           12%        N/A       100%        9
 Polar Vortex             Ice            19%        12d2*     100%        9


Dungeon Overview and Level Annotations

Branches:
Dungeon (15/15)            Temple (1/1) D:5            Lair (5/5) D:8
  Swamp (4/4) Lair:2       Spider (4/4) Lair:3        Slime (1/5) Lair:5
    Orc (2/2) D:11            Elf (3/3) Orc:2        Vaults (4/5) D:14
  Crypt (1/3) Vaults:3     Depths (2/4) D:15          IceCv (visited)
Volcano (visited)

Altars:
Ashenzari
Cheibriados
Dithmenos
Elyvilon
Fedhas
Gozag
Hepliaklqana
Kikubaaqudgha
Makhleb
Nemelex Xobeh
Okawaru
Qazlal
Ru
Sif Muna
Trog
Uskayaw
Vehumet
Wu Jian
Xom
Yredelemnul
Zin
The Shining One
Jiyva

Shops:
D:5 *   D:15 (   Orc:1 !*   Orc:2 *[=(   Vaults:1 ?=:?[   Vaults:2 ?
Vaults:3 [!

Portals:
Hell: Depths:1
Pandemonium: Depths:2
Ziggurat: Depths:2

Annotations:
Elf:3 nitefall's ghost, adept MiBe
Vaults:4 1 runed translucent door, Droegar's ghost, adept MiBe
Crypt:1 Xtahua


Innate Abilities, Weirdness & Mutations

You are immune to sickness and miasma.
Your stone body is resilient. (AC +17)
You are immune to poison.
Your large and strong wings let you fly.
You resist negative energy. (rN+)
You are resistant to electric shocks. (rElec)
You are resistant to unholy torment.
You are immune to petrification.
You are partially covered in iridescent scales. (AC +2)
Your spells are a little easier to cast, but a little less powerful.
Your health recovers twice as slowly from being drained.


Message History

Confirm with . or Enter, or press ? or * to list all spells.
Aiming: Lee's Rapid Deconstruction (safe; 0% risk of failure)
Press: ? - help, Dir - move target, f - spriggan berserker Fragment what (e.g. wall or brittle monster)?: a spriggan berserker, wielding a +0 quarterstaff and wearing a +0 animal skin (berserk, regenerating, strong-willed)
An open door.
The stone door frame shatters!
The blast of rock fragments hits the spriggan berserker!!!
The spriggan berserker is heavily wounded.
The blast of rock fragments hits the spriggan defender but does no damage.
The blast of rock fragments hits the white very ugly thing!!!
The white very ugly thing is moderately wounded.
Unknown command.
Unknown command.
Casting: Lee's Rapid Deconstruction (safe; 0% risk of failure)
Confirm with . or Enter, or press ? or * to list all spells.
Aiming: Lee's Rapid Deconstruction (safe; 0% risk of failure)
Press: ? - help, Dir - move target, p - spriggan berserker A rock wall.
The wall shatters!
The blast of rock fragments hits the spriggan defender!!!
The spriggan defender is heavily wounded.
The blast of rock fragments hits the spriggan berserker!!
The spriggan berserker is almost dead.
The blast of rock fragments hits the white very ugly thing.
The white very ugly thing is heavily wounded.
The spriggan berserker hits you but does no damage.
The spriggan defender misses you.
The spriggan defender hits you but does no damage.
Space warps horribly around you!!
Unknown command.
The spriggan berserker hits you with a +0 quarterstaff!!
* * * LOW HITPOINT WARNING * * *
The spriggan defender hits you with a +4 quick blade of distortion!
* * * LOW HITPOINT WARNING * * *
Space warps around you.
* * * LOW HITPOINT WARNING * * *
The spriggan defender hits you with a +4 quick blade of distortion!
* * * LOW HITPOINT WARNING * * *
Space warps horribly around you!
You die...

........#.# ####'##.#........(.∆
...)###.### ### ###..#....###....
.#..#.###.###.###.###).C..#.###u#
.#...#.#.#.#.#.#.#.#......##'.{..
.#...#.#.#.#.#.#.#.#.^.....#.#''#
.#..###.###.###)###)##.....).'..'
.#....################...[.#.'..'
.#.......'..##.##i.u.C.....#.#''#
.#.......#......@i..##....##'....
.'.......#.....#######....#∩##'##
##.......####### #....##*,..,
#.......# #......,,,.. #########
########**##


You could see a white very ugly thing, a spriggan defender, an ettin and a
spriggan berserker (berserk, regenerating, strong-willed).

Vanquished Creatures
  Frederick (Vaults:4)
  Bai Suzhen (Swamp:4)
  Saint Roka (Orc:1)
  A bone dragon (Swamp:4)
  Rupert (Lair:5)
  Jorgrun (Orc:2)
  A lich (Depths:2)
  Asterion (Spider:2)
  3 deep elf blademasters
  2 deep elf master archers (Elf:3)
  3 acid blobs
  2 sphinxes
  Gastronok (Orc:1)
  Roxanne (Swamp:4)
  A tengu reaver (D:15)
  Aizul (Swamp:3)
  5 fenstrider witches
  The ghost of Qaruydaq the Gelid, an adept DgIE (Elf:2)
  2 daevas (Depths:2)
  A revenant (Vaults:3)
  3 fire giants
  7 emperor scorpions
  7 deep elf elementalists
  A frost giant (Depths:2)
  8 deep elf sorcerers
  11 vault wardens
  5 ghost moths
  3 orc warlords
  A balrug (Depths:1)
  A spriggan defender (Depths:2)
  3 formless jellyfish
  A broodmother (Spider:2)
  11 ironbound preservers
  9 ironbound thunderhulks
  2 quicksilver oozes (Slime:1)
  15 very ugly things
  A vampire knight (D:15)
  3 stone giants
  7 deep elf death magi
  6 deep elf demonologists (Elf:3)
  5 eleionomae
  10 dire elephants
  8 deep elf annihilators
  3 spark wasps
  7 bunyips
  The ghost of po7itron the Cleaver, a journeyman MiFi of Okawaru (D:11)
  Snorg (Orc:2)
  2 shambling mangroves (Swamp:3)
  An eidolon (Crypt:1)
  3 ettins
  9 yaktaur captains
  A crystal guardian (Vaults:4)
  2 fire dragons (D:15)
  A deep elf high priest (Elf:3)
  2 great orbs of eyes (Vaults:4)
  3 entropy weavers
  An entropy weaver (shapeshifter) (D:13)
  Fannar (Orc:1)
  2 ice dragons
  6 hydras
  12 alligators
  Erolcha (D:13)
  A rakshasa (Depths:2)
  4 vault guards
  2 peacekeepers
  3 radroaches
  3 spriggan air magi
  2 ogre magi
  8 ironbound frosthearts
  3 catoblepae
  A death knight (D:14)
  3 satyrs (Depths:2)
  12 two-headed ogres
  5 ghost crabs
  A jorogumo (Spider:2)
  17 centaur warriors
  A death yak (Lair:5)
  29 dancing weapons
  An occultist (D:15)
  3 tengu warriors
  2 boulder beetles
  A deep troll earth mage (Depths:1)
  The ghost of cyclaam the Firebug, a novice DrFE of Sif Muna (D:8)
  9 demonic crawlers
  2 orc high priests (Orc:1)
  Urug (D:11)
  24 deep elf knights
  2 spriggan berserkers
  A hell knight (Volcano)
  Sonja (D:10)
  A sun demon (Depths:1)
  Lodul (D:10)
  A skyshark (Lair:4)
  Amaemon (Lair:2)
  10 skeletal warriors
  5 pharaoh ants
  39 deep trolls
  8 bog bodies
  8 goliath frogs
  2 sun moths
  A shadow demon (Depths:2)
  6 spriggan druids
  A spectral alligator (Swamp:4)
  3 swamp dragons
  5 arcanists
  2 alligator zombies (Swamp:4)
  7 orb spiders
  The ghost of AdnanSaban the Cudgeller, a novice GrFi of Okawaru (D:6)
  16 deep elf archers
  11 ironbound convokers
  2 spectral hydras (Swamp:4)
  4 phantasmal warriors
  9 steelbarb worms
  The ghost of alexthepot22 the Chopper, a novice HOFi (D:7)
  A harpy (shapeshifter) (Elf:3)
  29 deep elf pyromancers
  A necromancer (Vaults:3)
  5 lindwurms
  35 deep elf zephyrmancers
  17 orc knights
  The ghost of kalagan the Thaumaturge, a novice DECj (D:6)
  2 fauns (Depths:2)
  7 orc sorcerers
  23 wolf spiders
  The ghost of riffraff the Skirmisher, a novice SpHu of Hepliaklqana (D:7)
  3 will-o-the-wisps
  48 ugly things
  14 elephants
  Maurice (D:7)
  3 cyclopes
  6 manticores
  A human skeleton (Vaults:3)
  A kobold blastminer (Orc:2)
  9 black mambas
  13 vault sentinels
  A stone giant skeleton (Vaults:3)
  4 moths of wrath
  A molten gargoyle (Volcano)
  A smoke demon (Depths:1)
  2 torpor snails (Lair:5)
  A gargoyle (Volcano)
  2 ice statues (IceCv)
  An orange demon (Lair:2)
  10 cane toads
  4 swamp worm zombies (Swamp:4)
  A hellion (Depths:2)
  An unseen horror (D:10)
  8 rime drakes
  A kobold demonologist (D:14)
  An efreet (D:13)
  36 yaktaurs
  An alligator snapping turtle skeleton (Crypt:1)
  A yaktaur (shapeshifter) (D:14)
  18 komodo dragons
  A black draconian skeleton (Crypt:1)
  A death yak skeleton (Crypt:1)
  A freezing wraith (Vaults:3)
  Psyche (D:10)
  3 hydra zombies (Swamp:4)
  3 bloated husks (Swamp:4)
  12 hornets
  6 tyrant leeches
  10 trolls
  4 polar bears
  26 blink frogs
  3 spectral swamp dragons (Swamp:4)
  25 tarantellas
  Prince Ribbit (D:7)
  A frost giant simulacrum (Vaults:3)
  2 human simulacra
  10 dream sheep
  62 slime creatures
  6 wraiths
  28 culicivoras
  23 jumping spiders
  17 spriggans
  3 air elementals
  A vampire (D:6)
  3 shadows
  2 tyrant leech zombies (Swamp:4)
  54 yaks
  8 water elementals
  A ynoxinul (D:8)
  8 wyverns
  6 fire elementals
  3 fire bats (Volcano)
  2 wargs (Orc:2)
  19 vampire mosquitoes
  5 basilisks
  11 swamp worms
  55 redbacks
  6 water moccasins
  The ghost of thoas the Trooper, an amateur VSFi (D:4)
  4 black bears
  A swamp drake (Swamp:2)
  2 ice beasts
  A sky beast (D:6)
  31 orc warriors
  A manticore zombie (Crypt:1)
  4 swamp dragon zombies (Swamp:4)
  18 ogres
  4 boggarts
  A centaur (shapeshifter) (D:15)
  24 wolves
  8 centaurs
  6 phantoms
  2 kobold brigands
  2 gnoll sergeants
  6 bullfrogs
  4 scorpions
  A glowing shapeshifter simulacrum (Vaults:4)
  4 earth elementals (Elf:2)
  21 wights
  7 killer bees
  5 lindwurm simulacra (IceCv)
  A raiju skeleton (Crypt:1)
  5 electric eels
  4 howler monkeys
  8 komodo dragon simulacra (IceCv)
  5 lava snakes (Volcano)
  A bombardier beetle (D:5)
  A gnoll bouda (D:10)
  Crazy Yiuf (D:3)
  2 hounds
  2 jellies
  20 orc priests
  2 sleepcaps
  Terence (D:3)
  12 iguanas
  28 orc wizards
  5 acid dragon simulacra (IceCv)
  25 gnolls
  8 adders
  5 white imps
  3 steam dragon simulacra (IceCv)
  2 ufetubi (D:5)
  2 ribbon worms (D:5)
  6 dart slugs
  62 orcs
  7 bats
  5 endoplasms
  An endoplasm (shapeshifter) (Elf:3)
  3 giant cockroaches
  8 goblins
  9 hobgoblins
  2 jackals (D:1)
  3 quokkas
  8 ball pythons
  2 frilled lizards
  14 kobolds
  5 rats
1691 creatures vanquished.

Vanquished Creatures (collateral kills)
  39 boulders
39 creatures vanquished.

Vanquished Creatures (others)
  An alligator (Swamp:4)
  An orc high priest (Orc:2)
  A phantasmal warrior (Swamp:4)
  3 bloated husks
  A spectral swamp dragon (Swamp:4)
  An air elemental (Elf:2)
  A spriggan (Swamp:3)
  A human (Swamp:4)
  A water elemental (Elf:2)
  A swamp worm (Swamp:2)
  37 boulders
  12 foxfires
61 creatures vanquished.

Grand Total: 1791 creatures vanquished

Notes
Turn   | Place    | Note
-------+----------+-------------------------------------------
     0 | D:1      | Henri the Gargoyle Earth Elementalist began the quest for
                  | the Orb.
     0 | D:1      | Reached XP level 1. HP: 10/10 MP: 3/3
    62 | D:1      | Reached skill level 4 in Earth Magic
   123 | D:1      | Reached XP level 2. HP: 14/15 MP: 1/5
   545 | D:1      | Reached skill level 5 in Earth Magic
   545 | D:1      | Reached XP level 3. HP: 19/19 MP: 4/6
  1314 | D:1      | Reached skill level 1 in Fighting
  1314 | D:1      | Reached XP level 4. HP: 21/25 MP: 1/7
  1863 | D:2      | Reached XP level 5. HP: 30/30 MP: 3/8
  2093 | D:3      | Found a shimmering blue altar of Sif Muna.
  2153 | D:3      | Found a basalt altar of Yredelemnul.
  2211 | D:3      | Found a faded altar of an unknown god.
  2284 | D:3      | Noticed Terence
  2297 | D:3      | Killed Terence
  2298 | D:3      | Reached skill level 6 in Earth Magic
  2529 | D:3      | Found a runed translucent door.
  2530 | D:3      | Noticed Crazy Yiuf
  2716 | D:3      | Learned a level 3 spell: Stone Arrow
  2720 | D:3      | Learned a level 3 spell: Passwall
  2947 | D:4      | Found a runed translucent door.
  2950 | D:4      | Noticed thoas's ghost (amateur VSFi)
  3869 | D:4      | Reached XP level 6. HP: 32/36 MP: 1/9
  3991 | D:5      | Entered Level 5 of the Dungeon
  4051 | D:5      | Found a staircase to the Ecumenical Temple.
  4051 | D:5      | Noticed a black bear
  4059 | D:5      | Killed a black bear
  4060 | D:5      | Reached skill level 7 in Earth Magic
  4133 | Temple   | Entered the Ecumenical Temple
  4143 | Temple   | Became a worshipper of Ashenzari the Shackled
  4240 | D:5      | Noticed an ice beast
  4392 | D:5      | Found Noxecunk's Assorted Antiques.
  4463 | D:6      | Reached XP level 7. HP: 41/41 MP: 5/10
  4633 | D:6      | Reached skill level 8 in Earth Magic
  4878 | D:6      | Reached skill level 5 in Stealth
  5054 | D:5      | Reached skill level 1 in Armour
  5113 | D:5      | Reached XP level 8. HP: 48/48 MP: 8/11
  5208 | D:5      | Learned a level 4 spell: Brom's Barrelling Boulder
  5255 | D:5      | Reached skill level 9 in Earth Magic
  5583 | D:6      | Noticed a vampire
  6098 | D:7      | Reached skill level 5 in Fighting
  6259 | D:7      | Noticed Maurice
  6396 | D:6      | Found a sparkling altar of Nemelex Xobeh.
  6400 | D:6      | Found a radiant altar of Vehumet.
  6405 | D:6      | Found a shadowy altar of Dithmenos.
  6588 | D:7      | Reached * piety under Ashenzari
  6592 | D:7      | Found a white marble altar of Elyvilon.
  6616 | D:7      | Reached skill level 10 in Earth Magic
  6765 | D:7      | Reached XP level 9. HP: 55/55 MP: 8/12
  6847 | D:7      | Found a runed translucent gate.
  6847 | D:7      | Found a runed translucent gate.
  6847 | D:7      | Found a runed translucent gate.
  6848 | D:7      | Noticed kalagan's ghost (novice DECj)
  6849 | D:7      | Noticed riffraff's ghost (novice SpHu)
  6849 | D:7      | Noticed AdnanSaban's ghost (novice GrFi)
  6849 | D:7      | Noticed alexthepot22's ghost (novice HOFi)
  6948 | D:7      | Noticed Prince Ribbit
  6953 | D:7      | Killed Prince Ribbit
  7047 | D:7      | Maurice stole a throwing net
  7056 | D:7      | Killed Maurice
  7057 | D:7      | Reached skill level 11 in Earth Magic
  7480 | D:8      | Reached skill level 5 in Armour
  7540 | D:8      | Found a staircase to the Lair.
  7585 | D:8      | Reached skill level 12 in Earth Magic
  7832 | D:8      | Noticed cyclaam's ghost (novice DrFE)
  7847 | D:8      | Found a runed translucent door.
  7961 | D:8      | Identified the +1 leather armour "Muifiuz" {Rampage rF- rC+
                  | rN+ Str+3}
  8002 | D:8      | Reached XP level 10. HP: 56/63 MP: 8/13
  8161 | D:8      | Reached skill level 13 in Earth Magic
  8829 | D:9      | Noticed a two-headed ogre
  8846 | D:9      | Killed a two-headed ogre
  8847 | D:9      | Reached skill level 14 in Earth Magic
  9109 | D:9      | Noticed a two-headed ogre
  9119 | D:9      | Killed a two-headed ogre
  9120 | D:9      | Reached XP level 11. HP: 71/71 MP: 1/14
  9335 | D:9      | Reached skill level 15 in Earth Magic
  9914 | D:10     | Entered Level 10 of the Dungeon
 10188 | D:10     | Reached ** piety under Ashenzari
 10475 | D:10     | Reached skill level 1 in Shields
 10599 | D:10     | Noticed Sonja
 10606 | D:10     | Killed Sonja
 10612 | D:10     | Reached skill level 10 in Fighting
 10760 | D:10     | Noticed Psyche
 10762 | D:10     | Killed Psyche
 10793 | D:10     | Reached skill level 16 in Earth Magic
 10992 | D:10     | Noticed Lodul
 11029 | D:10     | Killed Lodul
 11751 | D:11     | Found a staircase to the Orcish Mines.
 11840 | D:11     | Noticed Urug
 11982 | D:11     | Reached XP level 12. HP: 79/79 MP: 4/15
 12161 | D:11     | Noticed a boulder beetle
 12892 | D:11     | Noticed a two-headed ogre
 12893 | D:11     | Found a transporter.
 12894 | D:11     | Found a bloodstained altar of Trog.
 12894 | D:11     | Noticed a two-headed ogre
 12897 | D:11     | Noticed a two-headed ogre
 12898 | D:11     | Noticed po7itron's ghost (journeyman MiFi)
 12901 | D:11     | Found a transporter.
 13036 | D:12     | Reached *** piety under Ashenzari
 13046 | D:12     | Noticed a two-headed ogre
 13052 | D:12     | Killed a two-headed ogre
 13053 | D:12     | Reached skill level 17 in Earth Magic
 13370 | D:12     | Learned a level 4 spell: Petrify
 13661 | D:11     | Noticed a tengu warrior
 14027 | D:11     | Killed Urug
 14850 | Lair:1   | Entered Level 1 of the Lair of Beasts
 15051 | Lair:1   | Reached skill level 18 in Earth Magic
 15819 | Lair:1   | Reached XP level 13. HP: 72/85 MP: 6/16
 16797 | Lair:2   | Reached skill level 19 in Earth Magic
 18905 | D:11     | Reached skill level 20 in Earth Magic
 19621 | D:3      | Killed Crazy Yiuf
 19752 | D:4      | Killed thoas's ghost
 19753 | D:4      | Reached skill level 5 in Shields
 20045 | D:7      | Killed riffraff's ghost
 20574 | Lair:2   | Noticed Amaemon
 20744 | Lair:2   | Killed Amaemon
 20925 | Lair:2   | Reached **** piety under Ashenzari
 20972 | Lair:2   | Found a staircase to the Swamp.
 21914 | Lair:3   | Gained mutation: Your large and strong wings let you fly.
                  | [Gargoyle growth]
 21914 | Lair:3   | Reached XP level 14. HP: 98/98 MP: 15/19
 21949 | Lair:3   | Found a hole to the Spider Nest.
 22828 | Lair:4   | Found a frozen archway.
 22930 | IceCv    | Entered an ice cave
 24391 | IceCv    | Reached skill level 21 in Earth Magic
 24495 | IceCv    | Identified the amulet of Eluoli {Regen+ Slay+5}
 26553 | D:12     | Found a radiant altar of Vehumet.
 27688 | Orc:1    | Entered Level 1 of the Orcish Mines
 27762 | Orc:1    | Found a dark tunnel.
 27772 | Volcano  | Entered a volcano
 28003 | Volcano  | Found a burning altar of Makhleb.
 28200 | Volcano  | Identified the +6 long sword "Foihy" {freeze, *Slow Int+3}
 28296 | Volcano  | Identified the serpent talisman of the Lychee {rN++ MP-9}
 28442 | Orc:1    | Noticed Fannar
 28455 | Orc:1    | Killed Fannar
 29519 | Orc:1    | Found Noidgh's Assorted Antiques.
 29523 | Orc:1    | Found Sumav's Distillery.
 29545 | Orc:1    | Reached skill level 22 in Earth Magic
 29556 | Orc:1    | Noticed Gastronok
 29755 | Orc:1    | Bought a transparent steel amulet for 155 gold pieces
 29755 | Orc:1    | Identified the amulet of Neanoef {Acrobat rElec rPois rN++
                  | Dex-4} (You bought it in a shop on level 1 of the Orcish
                  | Mines)
 30011 | Orc:1    | Killed Gastronok
 30313 | Orc:2    | Entered Level 2 of the Orcish Mines
 30322 | Orc:2    | Noticed Snorg
 30538 | Orc:2    | Found a staircase to the Elven Halls.
 30659 | Orc:2    | Noticed Jorgrun
 30802 | Orc:2    | Paralysed by an orc sorcerer for 4 turns
 31451 | Orc:2    | Noticed Saint Roka
 31650 | Orc:1    | Reached XP level 15. HP: 72/107 MP: 11/21
 32687 | Orc:2    | Killed Jorgrun
 32688 | Orc:2    | Reached skill level 15 in Fighting
 32881 | Orc:2    | Killed Snorg
 35544 | Orc:2    | Found Bastreud's Antique Armour Shop.
 35585 | Orc:2    | Found Verphac's Antique Weapon Shop.
 35600 | Orc:2    | Found Xitiugh's Jewellery Shop.
 35648 | Orc:2    | Found Koqufecw's General Store.
 36078 | D:6      | Killed AdnanSaban's ghost
 36243 | D:6      | Killed kalagan's ghost
 36347 | D:7      | Killed alexthepot22's ghost
 36476 | D:8      | Killed cyclaam's ghost
 36477 | D:8      | Reached skill level 23 in Earth Magic
 36612 | D:8      | Learned a level 5 spell: Lee's Rapid Deconstruction
 36909 | D:13     | Noticed Erolcha
 36916 | D:13     | Killed Erolcha
 38315 | D:13     | Identified Doumymow's Annotations on the Baneful Escort
 39716 | D:14     | Found a gate to the Vaults.
 40934 | D:15     | Entered Level 15 of the Dungeon
 41799 | D:15     | Reached XP level 16. HP: 116/116 MP: 15/22
 41917 | D:15     | Reached skill level 5 in Dodging
 42160 | D:15     | Reached skill level 24 in Earth Magic
 42875 | D:15     | Found Kidaitus's Weapon Shoppe.
 43119 | D:15     | Found a staircase to the Depths.
 43367 | Lair:5   | Entered Level 5 of the Lair of Beasts
 45310 | Lair:5   | Noticed Rupert
 45326 | Lair:5   | Found a viscous altar of Jiyva.
 45326 | Lair:5   | Found a staircase to the Slime Pits.
 46006 | Lair:5   | Killed Rupert
 47377 | Spider:1 | Entered Level 1 of the Spider Nest
 47507 | Lair:3   | Gained mutation: You are partially covered in iridescent
                  | scales. (AC +2) [mutagenic glow]
 47517 | Lair:3   | Gained mutation: Your spells are a little easier to cast,
                  | but a little less powerful. [mutagenic glow]
 47789 | Lair:3   | Gained mutation: Your health recovers twice as slowly from
                  | being drained. [mutagenic glow]
 48420 | Spider:1 | Reached skill level 10 in Armour
 50026 | Spider:1 | Learned a level 4 spell: Animate Armour
 50679 | Spider:2 | HP: 5/117 [boulder beetle (14)]
 50722 | Spider:2 | Reached XP level 17. HP: 44/122 MP: 4/26
 50955 | Spider:1 | Learned a level 2 spell: Blink
 53432 | Spider:3 | Reached skill level 5 in Spellcasting
 53950 | Spider:3 | Noticed Asterion
 54414 | Swamp:1  | Entered Level 1 of the Swamp
 54870 | Swamp:1  | Identified a scroll of acquirement
 55613 | Swamp:1  | Acquired Henri's Textbook on the Mesa
 55622 | Swamp:1  | Learned a level 6 spell: Bombard
 56247 | D:11     | Killed po7itron's ghost
 56997 | Elf:1    | Entered Level 1 of the Elven Halls
 57702 | Elf:1    | Identified the +5 trident of Woe {elec, Dex+3}
 59087 | Elf:1    | Paralysed by an air elemental for 1 turns
 59903 | Elf:2    | Reached XP level 18. HP: 124/133 MP: 12/33
 60056 | Elf:2    | Noticed a deep elf blademaster
 60578 | D:5      | Bought a scroll of teleportation for 69 gold pieces
 64160 | D:8      | Learned a level 9 spell: Shatter
 64635 | Elf:2    | Paralysed by an air elemental for 1 turns
 65335 | Elf:2    | Found a runed translucent door.
 65336 | Elf:2    | Noticed Qaruydaq's ghost (adept DgIE)
 65336 | Elf:2    | Identified the Spellbook of the Congregation
 65591 | Elf:2    | Found a runed translucent gate.
 65591 | Elf:2    | Found a runed translucent gate.
 65592 | Elf:2    | Found a runed translucent gate.
 66529 | Elf:2    | Killed a deep elf blademaster
 67303 | Abyss:2  | Cast into level 2 of the Abyss (+2 double sword of
                  | distortion)
 67381 | Elf:2    | Escaped the Abyss
 67770 | Elf:2    | Killed Qaruydaq's ghost
 68488 | Spider:2 | Killed Asterion
 70050 | Spider:3 | Reached XP level 19. HP: 140/140 MP: 7/36
 70826 | Spider:4 | Entered Level 4 of the Spider Nest
 70946 | Spider:4 | Reached skill level 10 in Spellcasting
 72283 | Spider:4 | Reached skill level 15 in Armour
 72673 | Spider:4 | Identified the +0 leather armour of Defence {Int+3 SInv
                  | Stlth+}
 75455 | Spider:4 | Identified the +0 hat "Qikuylunt" {rN+}
 75690 | Spider:4 | Got a gossamer rune of Zot
 77181 | Elf:3    | Entered Level 3 of the Elven Halls
 77948 | Elf:3    | Reached skill level 10 in Shields
 78893 | Elf:3    | Reached XP level 20. HP: 150/150 MP: 28/39
 79041 | Elf:3    | Found a runed translucent gate.
 79041 | Elf:3    | Found a runed translucent gate.
 79041 | Elf:3    | Found a runed translucent gate.
 79042 | Elf:3    | Noticed nitefall's ghost (adept MiBe)
 81222 | Elf:3    | Identified the Disquisition on the Cooperative Sky
 81358 | Elf:3    | Identified the Vellum of Fascination and the Blaze
 81399 | Elf:3    | Identified the staff "Fyfosil" {*Slow rElec rN++ Str-5
                  | Int+3 Air}
 81544 | Elf:3    | Identified the staff of Patterns {rPois rC+ Ice}
 82048 | D:8      | Reached ***** piety under Ashenzari
 84000 | Swamp:4  | Entered Level 4 of the Swamp
 84625 | Swamp:4  | Noticed Bai Suzhen
 84910 | Vaults:1 | Entered Level 1 of the Vaults
 85087 | Vaults:1 | Found Meacuac's Jewellery Boutique.
 87096 | Vaults:1 | Found Remunn's Book Shoppe.
 88420 | Vaults:1 | Found Jymuch's Armour Emporium.
 88623 | Vaults:1 | Bought the +3 pair of mountain boots {steadfast, rC+} for
                  | 469 gold pieces
 88623 | Vaults:1 | Found the +3 pair of mountain boots {steadfast, rC+}
 88824 | Vaults:1 | Found Itwil's Magic Scroll Boutique.
 88833 | Vaults:1 | Bought a scroll of teleportation for 48 gold pieces
 89257 | Vaults:1 | Reached XP level 21. HP: 60/158 MP: 0/41
 89536 | Vaults:1 | Found Xaufivo's Magic Scroll Boutique.
 89539 | Vaults:1 | Bought a scroll of blinking for 142 gold pieces
 89539 | Vaults:1 | Bought a scroll of butterflies for 76 gold pieces
 89539 | Vaults:1 | Bought a scroll of butterflies for 76 gold pieces
 90191 | Vaults:2 | Found Hogudoh's Magic Scroll Emporium.
 91894 | Vaults:3 | Found Xiemi's Distillery.
 91905 | Vaults:3 | Reached skill level 1 in Staves
 92728 | Vaults:3 | Paralysed by a sphinx for 2 turns
 94359 | Vaults:3 | Identified the +4 mace "Tiud" {freeze, ^Fragile rPois rF+}
 96152 | Vaults:3 | Found Teav's Armour Boutique.
 96324 | Vaults:3 | Found a staircase to the Crypt.
 98059 | Vaults:4 | Identified the orb "Qyboro" {*channel, rC- Will+ rCorr}
 98059 | Vaults:4 | Noticed Frederick
 98341 | Vaults:4 | Killed Frederick
 98529 | Vaults:4 | Reached XP level 22. HP: 168/168 MP: 28/44
 98659 | Vaults:4 | Reached skill level 15 in Spellcasting
 99618 | Vaults:4 | Found a runed translucent door.
 99618 | Vaults:4 | Noticed Droegar's ghost (adept MiBe)
 99659 | Vaults:4 | Reached skill level 5 in Conjurations
102454 | Orc:1    | Killed Saint Roka
102927 | Swamp:4  | Found a runed translucent door.
102929 | Swamp:4  | Identified the +0 robe "Runk" {Int+5 SInv Archmagi}
103433 | Swamp:4  | Identified the serpent talisman of the Tarantula {Dex+7}
103433 | Swamp:4  | Noticed Aizul
103438 | Swamp:3  | Killed Aizul
104580 | Swamp:4  | Noticed Roxanne
104592 | Swamp:4  | Killed Roxanne
105574 | Swamp:4  | Killed Bai Suzhen
106678 | Swamp:4  | Got a decaying rune of Zot
106977 | Slime:1  | Entered Level 1 of the Pits of Slime
107643 | Crypt:1  | Entered Level 1 of the Crypt
108006 | Crypt:1  | Noticed Xtahua
108032 | Crypt:1  | Paralysed by Xtahua for 2 turns
108369 | Depths:1 | Entered Level 1 of the Depths
108369 | Depths:1 | Identified the +2 hat "Ycogiguho" {+Inv rElec}
109360 | D:15     | Reached XP level 23. HP: 156/175 MP: 23/47
110212 | Depths:1 | Found a glowing golden altar of the Shining One.
110913 | Depths:1 | Found a gateway to Hell.
111135 | Depths:2 | Found a one-way gateway to a ziggurat.
112346 | Depths:2 | Found a one-way gate leading to the halls of Pandemonium.
112662 | Depths:2 | Slain by a spriggan defender

Illustrated notes

Levels and vault maps discovered:
D:1:      dpeg_arrival_arbitrary_a, layout_basic
D:2:      layout_rooms, minmay_small_reverse_x
D:3:      layout_rooms, marbit_many_paths, overflow_temple_1_default,
          hellmonk_ecumenical_altar_zigzags, grunt_ministairs_14, uniq_terence,
          uniq_crazy_yiuf_cottage
D:4:      layout_basic, gammafunk_ghost_grave
D:5:      layout_loops_cross, minmay_temple_entry_butterflies, serial_shops,
          nicolae_shop_overgrown_old_shop, minivault_23
D:6:      layout_loops_ring, grunt_temple_overflow_diamond
D:7:      layout_rooms, elyvilon_altar_5, gammafunk_ghost_cemetery,
          uniq_maurice, uniq_prince_ribbit1
D:8:      layout_basic, erik_lair_orcish_takeover, hellmonk_ghost_big_iron
D:9:      layout_basic, minmay_misc_feat_pillars,
          minmay_fractal_squares_diagonal_5
D:10:     layout_loops_ring, uniq_sonja, uniq_psyche, uniq_lodul
D:11:     layout_loops_ring, hiddenorc1_lemuel,
          gammafunk_ghost_wrathful_warriors, uniq_urug
D:12:     layout_cave_pods, nicolae_vehumet_altar_sigil
D:13:     layout_gridville, uniq_erolcha
D:14:     layout_basic, skrybe_vaults_entry_preservation,
          serial_library_hellmonk_room_c, minivault_19
D:15:     grunt_enter_depths_snipers, layout_basic,
          hangedman_abyss_or_decor_clamps, serial_shops,
          nicolae_shop_bloodbath_and_beyond, item_on_display_a
Temple:   eino_temple_rhombus
Lair:1:   layout_loops_ring, serial_bayou, serial_bayou_lake_a,
          serial_bayou_shore_a, serial_bayou_pond_b, serial_bayou_pond_d,
          eino_small_chamber_without_monster
Lair:2:   beast_lair_carwin_large_4, layout_hall_layers,
          palyth_hydra_swamp_entry, minmay_stone_trees_large,
          kilobyte_rumbling_trees, uniq_amaemon
Lair:3:   layout_cave_pods, hellmonk_spider_entry_life_and_decay,
          beast_lair_carwin_8, infiniplex_staircase_pool
Lair:4:   layout_regular_city, portal_ice_cave_entry_pillars_1,
          serial_bayou_shore_b
Lair:5:   hangedman_lair_in_review, layout_hall_layers,
          dpeg_slime_entry_enclosed, wad_woods_river_01, uniq_rupert
Swamp:1:  layout_basic_swamp, evilmike_swamp_ruin_wall
Swamp:2:  layout_falls_marsh, evilmike_swamp_ruin_house_4, swamp_pool_1_2,
          nicolae_swamp_spriggan_camp, infiniplex_staircase_pool_2,
          nicolae_swamp_decorative_isthmus
Swamp:3:  layout_falls_marsh, nicolae_swamp_tree_designs
Swamp:4:  swamp_pestilence, layout_basic_swamp, nzn_swamp_weyward_sisters,
          nicolae_swamp_long_stream, uniq_aizul, uniq_roxanne, uniq_bai_suzhen
Spider:1: layout_spider_delve
Spider:2: layout_spider_delve
Spider:3: layout_spider_delve, nicolae_spider_nook, uniq_asterion
Spider:4: grunt_spider_rune_circles
Slime:1:  layout_caves, special_room [special_room_jelly]
Orc:1:    layout_caves, nicolae_volcano_entry_hallway, guppyfry_orc_lava_fort,
          uniq_fannar, uniq_gastronok
Orc:2:    grunt_orc_cross, layout_caves, uniq_snorg, uniq_jorgrun
Elf:1:    eino_elf_arrival_shootout, layout_gridlike,
          nicolae_elf_blasts_and_bolts, hangedman_elf_simple_split
Elf:2:    elven_hall_of_blades_hangedman_original
          [nicolae_blade_entry_pointy_end], layout_loops_cross,
          gammafunk_ghost_grave
Elf:3:    grunt_elf_hall_branching, layout_loops_corners,
          ebering_ghost_rock_garden
Vaults:1: nicolae_vaults_layer_cake_slice, nicolae_vaults_little_squares_3,
          nicolae_vaults_alarming, nicolae_vaults_heart-shaped_vault,
          vaults_room_ringed_pool, hangedman_vaults_maws,
          nicolae_vaults_stairing_the_circle, hangedman_vaults_corner,
          nicolae_vaults_closet_pinwheel_1, nicolae_vaults_angled_halls,
          nicolae_vaults_tetromino_Z_2, layout_vaults_ring, serial_shops,
          shop_statue, nicolae_shop_mannequins, nicolae_shop_tiny_statue_garden,
          nicolae_shop_rolled_up, shop
Vaults:2: nicolae_vaults_trapezoid_lopsided_3, nicolae_vaults_network_square,
          nicolae_vaults_asterisk, nicolae_vaults_cochlea,
          nicolae_vaults_diamond_2, nicolae_vaults_yaktaur_gun_rack,
          layout_vaults_omnigrid, serial_shops, shop
Vaults:3: nicolae_vaults_little_squares_2, vaults_mumra_chevron_long,
          nicolae_vaults_taking_the_gang_shopping, nicolae_vaults_tetromino_T_2,
          nicolae_vaults_closet_pinwheel_1, minmay_crypt_entry_simple_corners,
          nicolae_vaults_storage_room_statues, nicolae_vaults_house_2,
          nicolae_vaults_tetromino_L_1, nicolae_vaults_stepped_doors,
          v_alt_pattern_3, v_rooms_1, nicolae_vaults_asterisk, v_misc_27,
          layout_vaults_omnicross, serial_shops, shop
Vaults:4: ebering_ghost_inner_flame, nicolae_vaults_what_the_h,
          vaults_room_pool, hangedman_vaults_locks, vaults_room_door_hall,
          ontoclasm_vaults_ring_square, hangedman_vaults_restitches,
          v_pattern_2, grunt_vaults_diagonal, vaults_dpeg_doors,
          nicolae_vaults_frosty_reception, serial_ice_b,
          nicolae_vaults_little_squares_3, nicolae_vaults_little_squares_2,
          ontoclasm_vaults_decontamination, ontoclasm_vaults_fault,
          layout_vaults_omnibox, uniq_frederick
Crypt:1:  cheibrodos_crypt_draghalla, layout_gridlike, uniq_xtahua
Depths:1: layout_cave_pools, lightli_too_deep, tso_oasis_becter
Depths:2: grunt_forest_end_chambers, layout_gridlike, enter_ziggurat_d,
          rand_demon_pan_entry_7, grunt_decor_resistance, hell_entry,
          nemelex_diamond_rough_becter

Skill      XL: |  1  2  3  4  5  6  7  8  9 10 11 12 13 14 15 16 17 18 19 20 21 22 23 |
---------------+----------------------------------------------------------------------+-----
Earth Magic    | 4 5 6 7 8 10 12 14 16 18 20 22 23 24 | 24.8
Fighting       | 1 2 3 4 5 7 9 10 11 13 14 15 17 18 19 20 21 23 | 23.7
Stealth        | 3 4 5 |  5.0
Armour         | 1 3 5 6 8 10 12 14 15 16 | 16.0
Shields        | 4 6 8 10 13 14 | 14.5
Dodging        | 4 5 6 7 |  7.0
Spellcasting   | 4 7 9 11 13 14 16 | 16.2
Staves         | 3 |  3.3
Conjurations   | 3 7 8 |  8.0

Action                     |  1- 3 |  4- 6 |  7- 9 | 10-12 | 13-15 | 16-18 | 19-21 | 22-24 || total
---------------------------+-------+-------+-------+-------+-------+-------+-------+-------++-------
  Melee: Flail             |       |     2 |    17 |   113 |   158 |       |       |       ||   290
         Punch             |       |       |       |     2 |       |       |       |       ||     2
         Staff             |       |       |       |       |    18 |   337 |   229 |   132 ||   716
   Cast: Sandblast         |    51 |    79 |   161 |   393 |   581 |   152 |       |     1 ||  1418
         Stone Arrow       |       |     3 |     5 |    74 |   484 |   324 |   190 |    34 ||  1114
         Brom's Barrelling |       |       |       |       |     8 |    56 |    40 |     9 ||   113
         Lee's Rapid Decon |       |       |       |       |    69 |   446 |   731 |   228 ||  1474
         Blink             |       |       |       |       |       |    13 |     5 |     4 ||    22
         Animate Armour    |       |       |       |       |       |     6 |    13 |       ||    19
         Passwall          |       |       |       |       |       |     1 |       |       ||     1
         Shatter           |       |       |       |       |       |    18 |    66 |    85 ||   169
         Bombard           |       |       |       |       |       |       |    27 |    91 ||   118
 Invoke: Curse Item        |       |       |     2 |     3 |     3 |     2 |     1 |     1 ||    12
         Shatter the Chain |       |       |       |       |     2 |     1 |     1 |       ||     4
  Evoke: Wand              |       |       |       |       |       |    34 |    41 |     2 ||    77
    Use: Scroll            |       |     6 |     1 |     3 |     5 |    13 |     3 |       ||    31
         Potion            |       |       |       |     3 |       |    12 |     5 |       ||    20
 Armour: Robe              |     5 |    27 |    47 |   323 |   349 |       |       |       ||   751
         Leather armour    |       |       |       |       |   358 |  1205 |  1029 |   386 ||  2978
  Dodge: Dodged            |     6 |    20 |    42 |   251 |   422 |   582 |   415 |   176 ||  1914
  Block: Other             |       |       |    13 |    52 |       |       |       |       ||    65
         Reflection        |       |       |     1 |     3 |    28 |    19 |    58 |    28 ||   137
         Buckler           |       |       |       |   136 |   478 |   721 |   708 |   295 ||  2338
